Map: 2000 Atmospheres LE

Players

Vanya - Winner!

  • Race: Zerg Zerg

Elazer

  • Race: Zerg Zerg

Event: DreamHack SC2 Masters 2021 Fall

VOD

Have the link to the VOD?

Description

Time

  • Played on: Aug. 4, 2021, 11:41 a.m.
  • Length: 10:37

All games in this series

Show
View Real Time Build Order
Export as new Build Order

Vanya Zerg - Winner!

Build Orders: Hatch First 

Get SALT Encoding   

  12  0:00  Drone  
  13  0:12  Overlord  
  13  0:18  Drone  
  14  0:31  Drone x2  
  16  0:47  Hatchery  
  15  0:51  Drone  
  15  0:54  Drone  
  17  0:58  Drone  
  18  1:08  Extractor  
  17  1:13  Spawning Pool  
  17  1:15  Drone  
  17  1:19  Drone  
  18  1:27  Drone  
  19  1:38  Drone  
  20  1:49  Drone  
  21  1:59  Queen  
  21  2:00  Queen, Drone  
  21  2:01  Overlord  
  26  2:09  Metabolic Boost  
  26  2:10  Drone x2  
  28  2:21  Drone x2  
  30  2:32  Hatchery  
  30  2:34  Zergling x2  
  30  2:37  Zergling x2  
  30  2:42  Drone  
  32  2:45  Baneling Nest  
  32  2:48  Drone  
  32  2:53  Overlord  
  32  2:57  Drone  
  33  3:05  Zergling x4  
  35  3:07  Drone  
  35  3:12  Drone x4  
  40  3:17  Drone, Evolution Chamber  
  40  3:19  Overlord  
  40  3:25  Queen  
  42  3:28  Drone  
  42  3:30  Baneling  
  42  3:32  Drone  
  44  3:39  Zergling x4  
  44  3:40  Drone  
  44  3:41  Drone x2  
  49  3:47  Zerg Missile Weapons Level 1  
  49  3:49  Drone x3  
  49  3:55  Overlord  
  52  3:59  Drone x3  
  54  4:05  Roach Warren  
  54  4:07  Drone  
  54  4:09  Extractor, Drone x2  
  55  4:10  Extractor  
  55  4:11  Drone  
  55  4:12  Drone  
  55  4:14  Drone  
  57  4:19  Overlord  
  57  4:25  Overlord  
  57  4:30  Baneling  
  57  4:32  Zergling x6  
  60  4:50  Roach x11  
  81  4:52  Zergling x2  
  81  4:53  Zergling x2  
  81  4:58  Overlord  
  81  4:59  Roach  
  80  5:04  Overlord  
  80  5:06  Zergling x2  
  81  5:13  Lair  
  81  5:14  Queen  
  81  5:15  Extractor  
  81  5:17  Drone x6  
  81  5:19  Drone  
  88  5:25  Drone  
  89  5:31  Zergling x8  
  93  5:38  Extractor, Drone x3  
  95  5:44  Zerg Ground Armor Level 1  
  95  5:45  Overlord  
  95  5:47  Roach  
  95  5:48  Overlord  
  97  5:50  Overlord  
  97  5:54  Overlord  
  97  5:57  Overlord x2  
  97  6:02  Extractor  
  96  6:05  Drone x3  
  96  6:06  Roach x2  
  96  6:11  Glial Reconstitution, Spire  
  102  6:13  Roach x2  
  102  6:16  Roach  
  108  6:24  Roach x4  
  115  6:29  Drone x5  
  115  6:32  Ravager, Roach  
  120  6:33  Ravager x3  
  120  6:35  Overlord  
  120  6:38  Roach  
  120  6:39  Roach  
  127  6:41  Roach  
  129  6:48  Roach x3  
  129  6:54  Overlord  
  135  6:55  Baneling x2  
  135  6:56  Roach x3  
  135  6:59  Overlord  
  141  7:03  Roach x3  
  141  7:05  Ravager x2  
  149  7:13  Overlord  
  149  7:14  Roach x4  
  157  7:20  Drone x4  
  160  7:32  Roach  
  160  7:33  Hatchery, Roach x3  
  167  7:38  Roach x3  
  167  7:42  Zerg Missile Weapons Level 2  
  173  7:47  Roach x2  
  173  7:48  Ravager  
  173  7:49  Overlord  
  173  7:50  Overlord  
  178  7:55  Overlord  
  178  7:59  Overlord  
  176  8:07  Roach x6  
  179  8:16  Roach  
  179  8:17  Roach x5  
  170  8:21  Roach x3  
  170  8:24  Roach  
  166  8:30  Roach x4  
  166  8:33  Roach x2  
  160  8:38  Roach  
  160  8:39  Roach x2  
  152  8:46  Roach x4  
  150  8:53  Roach x4  
  156  8:58  Roach x3  
  162  9:08  Roach  
  162  9:09  Roach x5  
  168  9:22  Roach x8  
  174  9:29  Roach x2  
  172  9:31  Ravager x2  
  172  9:32  Ravager x2  
  172  9:34  Roach x4  
  182  9:39  Roach x3  
  184  9:48  Roach x2  
  188  9:56  Roach x4  
  196  10:05  Roach x6  
  198  10:13  Roach x5  
Show
View Real Time Build Order
Export as new Build Order

Elazer Zerg 

Build Orders: Hatch First 

Get SALT Encoding   

  12  0:00  Drone  
  13  0:11  Overlord  
  13  0:16  Drone  
  14  0:30  Drone x2  
  16  0:47  Hatchery  
  15  0:50  Drone  
  15  0:54  Drone  
  17  0:57  Drone  
  18  1:07  Extractor  
  17  1:12  Spawning Pool  
  17  1:15  Drone  
  17  1:19  Drone  
  18  1:27  Drone  
  19  1:38  Drone  
  20  1:49  Drone  
  21  1:59  Queen x2  
  21  2:00  Zergling x2  
  26  2:02  Overlord  
  26  2:08  Metabolic Boost  
  26  2:10  Drone  
  26  2:11  Drone  
  28  2:21  Drone x2  
  30  2:35  Hatchery, Drone  
  30  2:37  Drone  
  30  2:42  Baneling Nest  
  30  2:45  Drone  
  30  2:49  Overlord  
  31  2:53  Drone x2  
  33  3:03  Drone  
  33  3:04  Drone  
  35  3:06  Drone, Overlord  
  35  3:09  Drone x2  
  35  3:11  Zergling x2  
  39  3:13  Zergling x2  
  39  3:17  Zergling x4  
  42  3:25  Baneling x2  
  42  3:26  Zergling x2  
  43  3:30  Zergling x2, Evolution Chamber  
  43  3:38  Drone x7  
  50  3:43  Queen  
  50  3:48  Overlord  
  52  3:51  Drone x2  
  54  4:02  Zerg Missile Weapons Level 1  
  53  4:04  Drone x3, Roach Warren  
  55  4:10  Drone x3  
  55  4:13  Extractor  
  55  4:14  Overlord  
  55  4:15  Extractor  
  56  4:18  Zergling x4  
  56  4:22  Overlord  
  58  4:24  Overlord  
  58  4:35  Overlord  
  58  4:46  Roach x5  
  58  4:47  Roach x3  
  58  4:51  Roach  
  73  4:53  Zergling x2  
  73  4:54  Zergling x8  
  73  4:58  Roach x2  
  79  5:04  Roach  
  81  5:08  Overlord  
  79  5:15  Drone x5  
  84  5:24  Roach  
  84  5:28  Roach x2  
  90  5:30  Roach  
  90  5:31  Roach x5  
  102  5:37  Overlord  
  102  5:45  Overlord  
  100  5:50  Lair  
  100  5:51  Drone x5  
  100  5:56  Overlord  
  105  5:58  Zerg Ground Armor Level 1  
  105  5:59  Drone x6  
  105  6:02  Drone  
  105  6:03  Drone  
  113  6:05  Extractor  
  113  6:06  Extractor  
  113  6:09  Drone  
  113  6:10  Drone  
  113  6:13  Overlord  
  113  6:16  Roach x2  
  117  6:23  Overlord  
  112  6:28  Drone x2  
  112  6:36  Queen x2  
  112  6:38  Overlord  
  112  6:39  Drone x2  
  118  6:40  Extractor, Drone x3  
  118  6:41  Drone x4  
  124  6:50  Overlord  
  124  6:51  Roach  
  124  6:53  Glial Reconstitution  
  126  6:58  Roach x3, Hydralisk Den  
  131  7:04  Roach x4  
  139  7:09  Overseer  
  139  7:11  Queen, Roach x3  
  147  7:15  Overlord  
  147  7:18  Ravager  
  147  7:21  Drone x4  
  141  7:29  Grooved Spines  
  141  7:35  Drone x5  
  146  7:40  Roach  
  146  7:41  Roach  
  146  7:43  Overlord x2  
  150  7:48  Roach  
  152  7:52  Zerg Missile Weapons Level 2  
  152  7:53  Ravager x3  
  152  7:54  Roach x6  
  167  7:59  Ravager x2  
  167  8:05  Roach x4  
  165  8:17  Roach x6  
  153  8:23  Roach x7  
  142  8:29  Roach  
  142  8:32  Roach  
  142  8:33  Roach x2  
  126  8:39  Roach x2  
  123  8:45  Roach x3  
  124  8:54  Roach x4  
  132  8:58  Ravager x2  
  132  9:01  Ravager, Roach x2  
  139  9:10  Roach x5  
  139  9:15  Roach  
  143  9:18  Roach Warren  
  143  9:22  Hydralisk x4  
  147  9:29  Hydralisk x2  
  151  9:32  Queen  
  151  9:38  Hydralisk x3  
  147  10:01  Roach  
  147  10:02  Roach x7  
  150  10:12  Roach x4  
  130  10:16  Roach x2  

Tags
 
Add a new tag
Caveats
  • Supply blocks, unpowered buildings, or Contaminate may cause inaccurate times.
  • Supply counts are checked every 10 seconds.